Map: Ascension to Aiur LE

Players

GAMETIME - Winner!

  • Race: Zerg Zerg
  • Spawn Location: 11:00

TheoRy

  • Race: Protoss Protoss
  • Spawn Location: 5:00

Event: WCS Montreal 2017

VOD

Have the link to the VOD?

Description

Time

  • Played on: Sept. 8, 2017, 12:38 p.m.
  • Length: 8:21

All games in this series

Show
View Real Time Build Order
Export as new Build Order

GAMETIME Zerg - Winner!

Build Orders: Hatch First 

Get SALT Encoding   

  12  0:00  Drone  
  13  0:08  Drone  
  14  0:17  Overlord  
  14  0:25  Extractor  
  14  0:26  Drone  
  15  0:35  Drone  
  15  0:36  Drone  
  17  0:52  Hatchery  
  17  0:55  Drone  
  17  0:58  Drone  
  18  1:18  Spawning Pool  
  17  1:22  Drone  
  17  1:25  Drone  
  19  1:30  Extractor  
  19  1:31  Drone  
  19  1:38  Drone  
  20  2:01  Hatchery  
  20  2:04  Drone x2  
  20  2:05  Drone  
  22  2:15  Queen  
  22  2:22  Overlord  
  24  2:26  Drone  
  25  2:30  Metabolic Boost  
  25  2:33  Drone  
  25  2:36  Drone  
  27  2:40  Drone  
  27  2:44  Drone x2  
  29  2:51  Queen  
  32  2:54  Zergling x2  
  32  2:55  Zergling x2  
  32  2:58  Zergling x2  
  35  3:04  Overlord  
  35  3:09  Zergling x2  
  36  3:13  Drone  
  36  3:14  Drone  
  39  3:20  Drone  
  39  3:23  Drone  
  39  3:24  Drone  
  39  3:26  Drone  
  40  3:27  Drone  
  40  3:29  Drone  
  40  3:32  Drone  
  42  3:37  Overlord  
  42  3:38  Overlord  
  42  3:44  Overlord  
  42  3:55  Queen  
  42  3:56  Drone x3  
  42  3:58  Drone x2  
  48  4:03  Roach Warren  
  48  4:04  Extractor, Drone x2  
  48  4:05  Drone  
  48  4:08  Drone  
  48  4:09  Drone  
  51  4:10  Drone  
  51  4:19  Extractor, Lair  
  51  4:20  Drone x2  
  51  4:22  Drone  
  53  4:25  Drone x2  
  53  4:30  Overlord  
  55  4:36  Spore Crawler  
  55  4:38  Spore Crawler  
  53  4:39  Drone x2  
  53  4:41  Extractor  
  53  4:46  Roach  
  53  4:47  Roach x3  
  53  4:49  Roach  
  63  4:53  Drone x2  
  63  4:54  Drone  
  63  4:55  Drone  
  63  4:59  Roach  
  69  5:00  Roach  
  69  5:02  Overlord  
  71  5:10  Overlord  
  71  5:13  Overlord, Drone x2  
  71  5:14  Overlord  
  73  5:16  Glial Reconstitution  
  73  5:21  Roach x2  
  77  5:22  Roach  
  77  5:25  Roach  
  81  5:32  Roach x2  
  81  5:33  Roach x2  
  81  5:34  Roach  
  90  5:37  Roach  
  90  5:38  Roach  
  90  5:40  Roach  
  94  5:43  Roach  
  94  5:45  Roach  
  94  5:49  Roach  
  98  5:52  Roach  
  98  5:54  Roach x2  
  98  6:00  Overlord x3  
  98  6:04  Roach  
  98  6:06  Roach  
  98  6:08  Overlord  
  98  6:09  Overlord  
  98  6:17  Overseer  
  96  6:19  Roach x4  
  96  6:21  Queen  
  96  6:24  Ravager  
  96  6:25  Roach  
  109  6:32  Roach x2  
  113  6:33  Roach x2  
  113  6:35  Overseer  
  113  6:37  Roach  
  113  6:39  Roach  
  121  6:40  Drone x2  
  121  6:41  Drone  
  126  6:47  Roach x2  
  126  6:49  Overlord  
  126  6:52  Roach  
  128  6:55  Evolution Chamber  
  128  6:57  Overlord  
  128  6:58  Overlord  
  127  7:02  Drone x3  
  127  7:04  Overlord  
  127  7:08  Burrow  
  130  7:09  Roach  
  130  7:15  Roach  
  132  7:16  Roach  
  132  7:18  Roach  
  132  7:19  Roach  
  132  7:20  Roach  
  132  7:21  Roach  
  132  7:28  Roach  
  130  7:31  Roach x2  
  130  7:37  Roach x2  
  130  7:39  Roach  
  130  7:42  Roach x2  
  130  7:43  Roach x3  
  138  7:44  Roach  
  138  7:52  Roach  
  138  7:54  Ravager  
  138  7:57  Roach x2  
  136  8:00  Hatchery  
Show
View Real Time Build Order
Export as new Build Order

TheoRy Protoss 

Build Orders: 1 Gate Expand 

Get SALT Encoding   

  12  0:00  Probe (Chrono Boost)  
  13  0:11  Probe (Chrono Boost)  
  14  0:17  Pylon  
  14  0:22  Probe (Chrono Boost)  
  15  0:36  Probe (Chrono Boost)  
  16  0:43  Gateway  
  16  0:46  Probe (Chrono Boost)  
  17  0:52  Assimilator  
  18  0:57  Probe (Chrono Boost)  
  18  1:03  Pylon  
  18  1:07  Probe (Chrono Boost)  
  19  1:18  Probe (Chrono Boost)  
  20  1:28  Nexus  
  20  1:31  Probe (Chrono Boost)  
  21  1:41  Cybernetics Core  
  21  1:45  Probe (Chrono Boost)  
  22  1:52  Assimilator  
  22  1:56  Pylon  
  22  1:59  Probe (Chrono Boost)  
  23  2:15  Probe (Chrono Boost)  
  24  2:17  Adept (Chrono Boost), Warp Gate  
  26  2:25  Gateway  
  26  2:29  Mothership Core (Chrono Boost)  
  28  2:39  Probe (Chrono Boost)  
  29  2:44  Stalker (Chrono Boost)  
  29  2:48  Probe  
  29  2:49  Probe  
  33  2:57  Twilight Council  
  33  3:00  Probe  
  33  3:02  Probe  
  35  3:12  Probe x2  
  37  3:23  Probe  
  37  3:24  Probe  
  39  3:31  Robotics Facility  
  39  3:33  Resonating Glaives (Chrono Boost)  
  37  3:35  Probe  
  37  3:36  Probe  
  39  3:46  Gateway  
  39  3:49  Gateway  
  39  3:58  Gateway  
  39  4:00  Gateway  
  39  4:15  Gateway  
  39  4:18  Warp Prism (Chrono Boost)  
  41  4:26  Gateway  
  41  4:27  Gateway, Pylon  
  41  4:28  Pylon  
  41  4:32  Zealot  
  41  4:34  Adept  
  45  4:40  Probe  
  46  4:51  Pylon  
  46  5:04  Pylon  
  46  5:06  Pylon  
  46  5:08  Pylon  
  46  5:22  Zealot x5  
  46  5:23  Zealot x4  
  64  5:29  Probe  
  64  5:34  Charge (Chrono Boost)  
  65  5:40  Stalker  
  63  5:43  Zealot  
  63  5:44  Sentry  
  63  5:45  Zealot x3  
  63  5:49  Zealot  
  67  5:51  Zealot  
  67  5:55  Zealot  
  65  6:01  Zealot  
  65  6:02  Probe  
  52  6:15  Immortal (Chrono Boost)  
  54  6:50  Zealot x4, Immortal (Chrono Boost)  
  54  6:51  Zealot  
  54  6:52  Zealot x3  
  54  6:53  Zealot  
  76  6:54  Probe (Chrono Boost)  
  76  7:01  Pylon  
  77  7:06  Pylon  
  77  7:10  Zealot  
  77  7:13  Zealot  
  77  7:14  Zealot  
  79  7:16  Zealot  
  75  7:26  Zealot x3  
  63  7:30  Zealot  
  55  7:37  Zealot x2  
  55  7:43  Zealot  
  55  7:44  Zealot  
  55  7:51  Zealot x2  
  52  7:58  Zealot x2  
  52  8:02  Zealot  
  48  8:07  Zealot  
  48  8:09  Zealot  
  47  8:15  Zealot  
Tags
 
Add a new tag
Caveats
  • Supply blocks, unpowered buildings, or Contaminate may cause inaccurate times.
  • Supply counts are checked every 10 seconds.